 Dungeon Crawl Stone Soup version 0.28-a0-687-gb91baff9cc (webtiles) character file.

Game seed: 9891799509080230702

64 bellsore the Digger (level 4, 0/24 HPs)
             Began as a Gargoyle Earth Elementalist on Oct 19, 2021.
             Slain by Blork the orc (11 damage)
             ... on level 4 of the Dungeon.
             The game lasted 00:09:11 (3076 turns).

bellsore the Digger (Gargoyle Earth Elementalist)   Turns: 3076, Time: 00:09:11

Health: 0/24       AC:  5    Str: 11    XL:     4   Next: 12%
Magic:  7/7        EV: 11    Int: 17    God:
Gold:   141        SH:  0    Dex: 10    Spells: 3/7 levels left

rFire   . . .      SeeInvis .   n - +0 mace
rCold   . . .      Faith    .   (no shield)
rNeg    + . .      Spirit   .   b - +0 robe
rPois   ∞          Reflect  .   (no helmet)
rElec   +          Harm     .   (no cloak)
rCorr   .          Rampage  .   (no gloves)
Will    .....                   (no boots)
Stlth   ++........              (no amulet)
HPRegen 0.08/turn               (no ring)
MPRegen 0.10/turn               (no ring)

@: no status effects
A: sickness immunity, AC +3, negative energy resistance 1, electricity
resistance, torment resistance 1, petrification resistance
a: no special abilities


You were on level 4 of the Dungeon.
You visited 1 branch of the dungeon, and saw 4 of its levels.

You collected 141 gold pieces.

Inventory:

Hand Weapons
 a - a +0 dagger
 k - a +0 whip
 n - a +0 mace (weapon)
Missiles
 c - 78 stones
Armour
 b - a +0 robe (worn)
 i - a +0 helmet
Wands
 o - a wand of digging (6)
Scrolls
 e - a scroll of identify {unknown}
 g - 2 scrolls of immolation {unknown}
 l - a scroll of vulnerability {unknown}
Potions
 d - a potion of brilliance
 f - a potion of haste
 h - a potion of lignification {unknown}
 j - a potion of cancellation
 m - a potion of degeneration {unknown}


   Skills:
 - Level 1.5 Dodging
 - Level 2.1 Stealth
 - Level 2.4 Spellcasting
 + Level 2.0 Conjurations
 - Level 0.7 Transmutations
 + Level 4.9 Earth Magic


You had 3 spell levels left.
You knew the following spells:

 Your Spells              Type           Power      Damage    Failure   Level
a - Sandblast             Erth           36%        2d10      2%          1
b - Stone Arrow           Conj/Erth      26%        3d8       13%         3

Your spell library contained the following spells:

 Spells                   Type           Power      Damage    Failure   Level
 Passwall                 Tmut/Erth      9%         N/A       9%          2
 Ensorcelled Hibernation  Hex/Ice        4%         N/A       28%         2
 Tukima's Dance           Hex            2%         N/A       50%         3
 Petrify                  Tmut/Erth      11%        N/A       50%         4


Dungeon Overview and Level Annotations

Branches:
Dungeon (3/15)

Altars:

Annotations:
D:2 1 runed translucent door, Crazy Yiuf
D:4 Blork the orc


Innate Abilities, Weirdness & Mutations

You are immune to sickness and miasma.
Your stone body is resilient. (AC +3)
You are immune to poison.
You resist negative energy. (rN+)
You are resistant to electric shocks. (rElec)
You are resistant to unholy torment.
You are immune to petrification.


Message History

The adder barely misses you.
Okay, then.
It was a potion of brilliance.
You feel clever all of a sudden. The adder barely misses you.
It was a potion of cancellation.
Your magical effects are unravelling.
You feel magically purged.
You feel yourself slow down.
You feel a little less clever now. The adder closely misses you.
It was a potion of curing.
You feel better. The adder bites you but does no damage.
You feel yourself speed up. The adder bites you but does no damage.
Found an escape hatch in the floor.
Blork the orc casts a cantrip, but nothing happens.
Blork the orc looks encouraged for a moment.
Found a trident.
Blork the orc is no longer moving quickly.
Blork the orc casts a spell.
Blork the orc seems to speed up.
A hobgoblin comes into view.
Found 13 bolts.
Found a helmet.
Your extra speed is starting to run out.
Blork the orc screams, "I'll cover the dungeon with your blood!"
You see here a +0 helmet.
i - a +0 helmet You feel yourself slow down.
Found 17 gold pieces.
Blork the orc looks encouraged for a moment.
Found a murky sapphire potion.
Found a potion of brilliance.
The adder bites you.
Found a war axe.
The adder barely misses you. Blork the orc closely misses you.
A giant cockroach comes into view.
Blork the orc begins to cast a cantrip, but forgets the words!
The adder bites you but does no damage.
The giant cockroach bites you but does no damage.
Blork the orc hits you with a +0 scimitar!
You die...

......##...###.#
................
.........#####.#
............#
..####......#
≈...........#
≈....$...####
≈.!.....oS.#
≈........@.#
........B..#
.).........#
............
...........##
............
...........#
..........#


You could see Blork the orc (fast), an adder and a giant cockroach.

Vanquished Creatures
  2 adders (D:2)
  A worm (D:2)
  2 dart slugs (D:1)
  3 ball pythons
  4 bats
  3 endoplasms (D:2)
  A giant cockroach (D:1)
  A goblin (D:1)
  5 hobgoblins
  3 jackals (D:2)
  6 kobolds
  2 frilled lizards (D:1)
  2 rats
35 creatures vanquished.

Vanquished Creatures (others)
  2 fungi (D:2)
2 creatures vanquished.

Grand Total: 37 creatures vanquished

Notes
Turn   | Place    | Note
-------+----------+-------------------------------------------
     0 | D:1      | bellsore the Gargoyle Earth Elementalist began the quest
                  | for the Orb.
     0 | D:1      | Reached XP level 1. HP: 10/10 MP: 3/3
   250 | D:1      | Reached skill level 4 in Earth Magic
   250 | D:1      | Reached XP level 2. HP: 6/15 MP: 1/5
   555 | D:1      | Found a faded altar of an unknown god.
   799 | D:1      | Reached XP level 3. HP: 12/19 MP: 0/6
   905 | D:1      | Learned a level 3 spell: Stone Arrow
  1017 | D:1      | Reached skill level 1 in Conjurations
  2516 | D:2      | Found a runed translucent door.
  2517 | D:2      | Noticed Crazy Yiuf
  2653 | D:2      | Reached XP level 4. HP: 24/24 MP: 2/7
  2958 | D:3      | You fall into a shaft and drop 1 floor!
  2958 | D:4      | Noticed Blork the orc
  2965 | D:4      | Noticed a gnoll sergeant
  3076 | D:4      | Slain by Blork the orc

Illustrated notes

Levels and vault maps discovered:
D:1:      nzn_arrival_water_spiral, layout_basic,
          ebering_ecumenical_altar_sacrificial, lemuel_old_faithful
D:2:      layout_basic, uniq_crazy_yiuf_cottage
D:3:      layout_basic
D:4:      layout_basic, mainiacjoe_overflow_catwalk, temple_pool_b,
          uniq_blork_the_orc

Skill      XL: |  1  2  3 |
---------------+----------+-----
Earth Magic    | 4 |  4.9
Conjurations   | 2 |  2.0
Dodging        | |  1.5
Stealth        | |  2.1
Spellcasting   | |  2.4
Transmutations | |  0.7

Action                   |  1- 3 |  4- 6 || total
-------------------------+-------+-------++-------
Melee: Dagger            |    27 |       ||    27
       Whip              |    26 |       ||    26
       Mace              |       |     4 ||     4
 Cast: Sandblast         |    30 |       ||    30
       Stone Arrow       |     7 |       ||     7
  Use: Potion            |       |     5 ||     5
 Stab: Sleeping          |     1 |       ||     1
Armor: Robe              |    38 |    10 ||    48
Dodge: Dodged            |    45 |    11 ||    56

Table legend: (Time is in decaauts)
 A = Elapsed time spent in this place.
 B = Non-inter-level travel time spent in this place.
 C = Inter-level travel time spent in this place.
 D = Time resting spent in this place.
 E = Time spent auto-exploring this place.
 F = Levels seen in this place.
 G = Mean time per level.
                   A        B        C        D        E       F      G
               +--------+--------+--------+--------+--------+-----+--------+
         Total |   3065 |   2945 |    120 |    896 |   1535 |   4 |  766.2 |
       Dungeon |   3065 |   2945 |    120 |    896 |   1535 |   4 |  766.2 |
               +--------+--------+--------+--------+--------+-----+--------+

Top non-repeatable levels by time:
     D:2: 1516 daAuts
     D:1: 1369 daAuts
     D:4: 98 daAuts
     D:3: 81 daAuts
